 Dungeon Crawl Stone Soup version 0.23.2-1-ga50397a (webtiles) character file.

Game seed: 17632981538155040676

160 eccles the Skirmisher (level 5, 0/42 HPs)
             Began as a Demonspawn Abyssal Knight on Apr 26, 2019.
             Was a Believer of Lugonu.
             Slain by an ogre
             ... wielding a +0 giant club
              (20 damage)
             ... on level 2 of the Dungeon.
             The game lasted 00:11:08 (2297 turns).

eccles the Skirmisher (Demonspawn Abyssal Knight)   Turns: 2297, Time: 00:11:08

Health: 0/42       AC:  6    Str: 13    XL:     5   Next: 17%
Magic:  6/6        EV: 11    Int: 13    God:    Lugonu [**....]
Gold:   71         SH:  0    Dex: 13    Spells: 4/4 levels left

rFire    . . .     SeeInvis .   a - +1 falchion
rCold    . . .     Gourm    .   (no shield)
rNeg     . . .     Faith    .   b - +0 leather armour
rPois    .         Spirit   .   l - +0 helmet
rElec    .         Reflect  .   (no cloak)
rCorr    .         Harm     .   (no gloves)
MR       .....                  (no boots)
Stlth    +.........             (no amulet)
HPRegen  0.14/turn              (no ring)
MPRegen  0.10/turn              (no ring)

@: no status effects
A: slimy green scales 1
a: Depart the Abyss, Bend Space, Renounce Religion


You were on level 2 of the Dungeon.
You worshipped Lugonu.
Lugonu was pleased with you.
You were not hungry.

You visited 1 branch of the dungeon, and saw 3 of its levels.
You visited the Abyss 1 time.

You collected 71 gold pieces.

Inventory:

Hand Weapons
 a - a +1 falchion (weapon)
Missiles
 e - 3 javelins (quivered)
Armour
 b - a +0 leather armour (worn)
 l - a +0 helmet (worn)
Jewellery
 h - an uncursed amulet of harm
Scrolls
 f - 2 scrolls of random uselessness
 i - 3 scrolls of teleportation
 j - a scroll of amnesia
Potions
 g - a potion of flight {unknown}
Comestibles
 c - 4 rations
 d - 4 chunks of flesh


   Skills:
 * Level 4.0 Fighting
 * Level 3.4 Long Blades
 + Level 2.7 Armour
 + Level 1.5 Dodging
 + Level 0.2 Stealth
 + Level 2.4 Invocations


You had 4 spell levels left.
You didn't know any spells.
Your spell library was empty.

Dungeon Overview and Level Annotations

Branches:
Dungeon (3/15)

Altars:

Annotations:
D:3 Robin


Innate Abilities, Weirdness & Mutations

You are partially covered in slimy green scales. (AC +2)


Message History

You barely miss the goblin.
A goblin comes into view.
The goblin hits you but does no damage.
Robin roars a battlecry!
The goblins go into a battle-frenzy!
The ogre barely misses you.
You riposte.
You slash the ogre!
The ogre is moderately wounded.
Your library has no spells.
The goblin hits you. The goblin barely misses you. x2
You climb upwards.
There is a stone staircase leading down here.
You barely miss the goblin.
The ogre hits you with a +0 giant club!!
The goblin barely misses you.
You riposte.
You slash the goblin!
You kill the goblin!
Lugonu accepts your kill.
Your Fighting skill increases to level 4!
The goblin hits you but does no damage.
The ogre hits you with a +0 giant club!!
You die...

####'#####..).....# ##
#........#.>......# #.
#..........#.###### #.
#........#.#.##### #########.
######...#.#.#...# #.........
#...##.#.#.#.#...# #.........
#...##...#.#.#...####........÷
#...##..÷#.#g#......#.........
###...###..#.#>@......÷.........
#.'........#.#O###....#.........
#.#...####.#.#g# ######.........
#.#...####<#.#.# ######....###
#.#..........#.#####...##....###
#.(..........#.#.......##.......
###.........##..................
######.....###.......#........
###........................<..


You could see an ogre and 2 goblins.

Vanquished Creatures
  A hound (D:2)
  2 adders (D:2)
  5 gnolls
  An ooze (D:2)
  2 worms (D:2)
  3 dart slugs
  3 leopard geckos
  A giant cockroach (D:1)
  A hobgoblin (D:3)
  A ball python (D:1)
  7 bats
  3 frilled lizards
  7 goblins
  6 kobolds
  11 rats
54 creatures vanquished.

Notes
Turn   | Place    | Note
-------+----------+-------------------------------------------
     0 | Abyss:1  | eccles the Demonspawn Abyssal Knight began the quest for
                  | the Orb.
     0 | Abyss:1  | Reached XP level 1. HP: 18/18 MP: 2/2
    44 | Abyss:1  | Noticed a large abomination
    45 | D:1      | Escaped the Abyss
   162 | D:1      | Reached * piety under Lugonu
   172 | D:1      | Reached skill level 1 in Dodging
   172 | D:1      | Gained mutation: You are partially covered in slimy green
                  | scales. (AC +2) [demonic ancestry]
   172 | D:1      | Reached XP level 2. HP: 11/24 MP: 3/3
   758 | D:2      | Reached XP level 3. HP: 23/29 MP: 4/4
  1523 | D:2      | Reached XP level 4. HP: 35/35 MP: 5/5
  2106 | D:2      | Reached ** piety under Lugonu
  2111 | D:2      | Reached XP level 5. HP: 38/42 MP: 6/6
  2291 | D:3      | Noticed Robin
  2291 | D:3      | Noticed an ogre
  2296 | D:2      | Reached skill level 4 in Fighting
  2297 | D:2      | Slain by an ogre

Skill      XL: |  1  2  3  4  5 |
---------------+----------------+-----
Armour         | 2 |  2.7
Dodging        | 1 |  1.5
Long Blades    | 2 3 |  3.4
Fighting       | 4 |  4.0
Stealth        | |  0.2
Invocations    | |  2.4

Action                   |  1- 3 |  4- 6 || total
-------------------------+-------+-------++-------
Melee: Falchion          |    94 |    70 ||   164
Throw: Javelin           |       |     4 ||     4
Invok: Depart the Abyss  |     1 |       ||     1
  Use: Scroll            |     2 |     2 ||     4
       Potion            |     3 |       ||     3
 Stab: Sleeping          |       |     1 ||     1
  Eat: Chunk             |     2 |     3 ||     5
Armor: Leather armour    |    29 |    31 ||    60
Dodge: Dodged            |    74 |    51 ||   125
       Rpst.: Falchion   |    20 |    20 ||    40
